 Dungeon Crawl Stone Soup version 0.25.1-11-g244df3a29b (webtiles) character file.

Game seed: 14126832335035017789

1764460 DeepDeath the Conqueror (level 27, 273/273 HPs)
             Began as a Minotaur Fighter on Feb 12, 2024.
             Was an Initiate of Gozag.
             Escaped with the Orb
             ... and 3 runes on Feb 15, 2024!
             The game lasted 05:39:35 (74488 turns).

DeepDeath the Conqueror (Minotaur Fighter)         Turns: 74488, Time: 05:39:35

Health: 273/273    AC: 40    Str: 39      XL:     27
Magic:  28/28      EV: 20    Int: 11 (12) God:    Gozag
Gold:   967        SH: 24    Dex: 12      Spells: 32/32 levels left

rFire    + + .     SeeInvis +   w - +10 war axe of Freehold {vorpal, +Blink rN++}
rCold    + + .     Gourm    .   V - +5 kite shield {reflect}
rNeg     + + +     Faith    .   a - +1 gold dragon scales of Spring Thaw {+Inv rPois rF+ rC+ Regen+}
rPois    +         Spirit   +   W - +3 crown of Dyrovepreva {rElec Int+2 SInv}
rElec    +         Reflect  +   g - +0 cloak "Vaurekh" {MR++ Str+5 Stlth-}
rCorr    +         Harm     .   X - +1 pair of gloves of Guthreunew {rElec rC++ Str-3}
MR       +++++                  L - +0 pair of boots "Gaabo" {rN+ rCorr Int+2}
Stlth    ..........             F - amulet of Nafa {Spirit rN+ MR+ Str+5 Dex-5}
HPRegen  0.95/turn              T - ring "Tagol" {Fire +Fly Int+2}
MPRegen  0.21/turn              G - +6 ring of strength

@: hasted, very quick
A: retaliatory headbutt, claws 1, horns 2, icy blue scales 1, deterioration 1,
subdued magic 1
0: Orb of Zot
}: 3/15 runes: decaying, silver, gossamer
a: Potion Petition, Call Merchant, Bribe Branch, Renounce Religion, Evoke Blink,
Evoke Invisibility, Evoke Flight


You escaped.
You worshipped Gozag.
Gozag was pleased with you.
You were completely stuffed.

You visited 11 branches of the dungeon, and saw 53 of its levels.
You also visited: Trove, Gauntlet and Wizlab.

You collected 37047 gold pieces.
You spent 18021 gold pieces at shops.
You paid 18059 gold pieces to Gozag.

Inventory:

Hand Weapons
 d - a +4 sacred scourge of holy wrath
 e - a +5 broad axe of electrocution
 s - a +2 broad axe of flaming
 v - a +5 vampiric war axe
 w - the +10 war axe of Freehold (weapon) {vorpal, +Blink rN++}
   (You bought it in a shop on level 1 of the Orcish Mines)

   It inflicts extra damage upon your enemies.
   It greatly protects you from negative energy.
   It lets you blink.
Missiles
 J - 21 javelins (quivered)
 S - 16 silver javelins
 Z - 21 curare-tipped darts
Armour
 a - the +1 gold dragon scales of Spring Thaw (worn) {+Inv rPois rF+ rC+ Regen+}
   (You bought it in a shop on level 2 of the Lair of Beasts)

   It protects you from fire.
   It protects you from cold.
   It protects you from poison.
   It lets you turn invisible.
   It increases your rate of regeneration.
 g - the +0 cloak "Vaurekh" (worn) {MR++ Str+5 Stlth-}
   (You found it in a Gauntlet)

   It affects your strength (+5).
   It affects your resistance to hostile enchantments.
   It makes you less stealthy.
 o - a +2 buckler of fire resistance
 L - the +0 pair of boots "Gaabo" (worn) {rN+ rCorr Int+2}
   (You acquired it on level 5 of the Vaults)

   It affects your intelligence (+2).
   It protects you from negative energy.
   It provides partial protection from all sources of acid and corrosion.
 V - a +5 kite shield of reflection (worn)
 W - the +3 crown of Dyrovepreva (worn) {rElec Int+2 SInv}
   (You bought it in a shop on level 2 of the Lair of Beasts)

   It affects your intelligence (+2).
   It insulates you from electricity.
   It lets you see invisible.
 X - the +1 pair of gloves of Guthreunew (worn) {rElec rC++ Str-3}
   (You found it in a treasure trove)

   It affects your strength (-3).
   It greatly protects you from cold.
   It insulates you from electricity.
Jewellery
 F - the amulet of Nafa (around neck) {Spirit rN+ MR+ Str+5 Dex-5}
   (You found it on level 1 of the Vaults)

   [amulet of guardian spirit]

   It causes incoming damage to be split between your health and magic.
   It affects your strength (+5).
   It affects your dexterity (-5).
   It protects you from negative energy.
   It affects your resistance to hostile enchantments.
 G - a +6 ring of strength (right hand)
 T - the ring "Tagol" (left hand) {Fire +Fly Int+2}
   (You found it in a wizard's laboratory)

   [ring of fire]

   It enhances your fire magic.
   It affects your intelligence (+2).
   It protects you from fire.
   It makes you vulnerable to cold.
   It lets you fly.
Wands
 q - a wand of acid (5)
 r - a wand of enslavement (37)
 u - a wand of disintegration (34)
 D - a wand of iceblast (46)
 P - a wand of clouds (13)
 Q - a wand of paralysis (68)
 U - a wand of digging (27)
Scrolls
 k - 7 scrolls of fog
 n - 6 scrolls of blinking
 p - 26 scrolls of remove curse
 x - 31 scrolls of teleportation
 y - 19 scrolls of identify
 z - 6 scrolls of fear
 C - 4 scrolls of holy word
 H - a scroll of silence
 I - 2 scrolls of magic mapping
 R - a scroll of summoning
Potions
 b - 11 potions of heal wounds
 c - 26 potions of curing
 h - 2 potions of haste
 i - 2 potions of invisibility
 j - 6 potions of cancellation
 m - 4 potions of magic
 t - a potion of ambrosia
 A - 2 potions of berserk rage
 B - 3 potions of stabbing
 E - 7 potions of flight
 M - 7 potions of mutation
 N - 4 potions of might
Miscellaneous
 l - a phial of floods
 K - a lightning rod (4/4)
 O - 3 phantom mirrors
 Y - 4 boxes of beasts
Comestibles
 f - 40 rations


   Skills:
 O Level 27 Fighting
   Level 7.1 Long Blades
 - Level 19.3(20.1) Axes
 - Level 5.3(14.0) Maces & Flails
   Level 9.2(15.3) Polearms
 - Level 16.0 Throwing
 O Level 27 Armour
 + Level 23.0 Dodging
 - Level 3.0 Stealth
 - Level 25.0 Shields
 - Level 3.2 Spellcasting
 - Level 8.0 Evocations


You had 32 spell levels left.
You didn't know any spells.
Your spell library contained the following spells:

 Spells                   Type           Power        Failure   Level  Hunger
 Animate Skeleton         Necr           N/A          63%         1    #......
 Apportation              Tloc           #.....       63%         1    #......
 Beastly Appendage        Tmut           #.....       63%         1    #......
 Corona                   Hex            #......      63%         1    #......
 Foxfire                  Conj/Fire      #...         63%         1    #......
 Freeze                   Ice            #...         63%         1    #......
 Magic Dart               Conj           #...         63%         1    #......
 Pain                     Necr           #...         63%         1    #......
 Sandblast                Erth           #.....       63%         1    #......
 Shock                    Conj/Air       #...         63%         1    #......
 Sting                    Tmut/Pois      #...         63%         1    #......
 Summon Butterflies       Summ           #.......     63%         1    #......
 Summon Small Mammal      Summ           #...         63%         1    #......
 Blink                    Tloc           N/A          78%         2    ###....
 Call Imp                 Summ           #.......     78%         2    ###....
 Corpse Rot               Necr/Air       N/A          78%         2    ###....
 Ensorcelled Hibernation  Hex/Ice        #.....       78%         2    ###....
 Passwall                 Tmut/Erth      #.......     78%         2    ###....
 Poisonous Vapours        Pois/Air       #.....       78%         2    ###....
 Searing Ray              Conj           #.....       78%         2    ###....
 Shroud of Golubria       Chrm/Tloc      #.....       78%         2    ###....
 Slow                     Hex            #.......     78%         2    ###....
 Sticks to Snakes         Tmut           #.......     78%         2    ###....
 Sublimation of Blood     Necr           #.........   78%         2    ###....
 Swiftness                Chrm/Air       #.......     78%         2    ###....
 Call Canine Familiar     Summ           #.......     95%         3    ###....
 Confusing Touch          Hex            #.......     95%         3    ###....
 Conjure Flame            Conj/Fire      #.......     95%         3    ###....
 Dazzling Flash           Conj/Hex       #.....       95%         3    ###....
 Frozen Ramparts          Ice            #.....       95%         3    ###....
 Gell's Gravitas          Tloc           #.........   95%         3    ###....
 Ignite Poison            Fire/Tmut/Pois #.......     95%         3    ###....
 Inner Flame              Hex/Fire       #.......     95%         3    ###....
 Lesser Beckoning         Tloc           #.........   95%         3    ###....
 Mephitic Cloud           Conj/Pois/Air  #.......     95%         3    ###....
 Ozocubu's Armour         Chrm/Ice       #.......     95%         3    ###....
 Portal Projectile        Hex/Tloc       #.....       95%         3    ###....
 Recall                   Summ/Tloc      N/A          95%         3    ###....
 Spider Form              Tmut/Pois      #.........   95%         3    ###....
 Static Discharge         Conj/Air       #.......     95%         3    ###....
 Stone Arrow              Conj/Erth      #.....       95%         3    ###....
 Summon Guardian Golem    Hex/Summ       #.......     95%         3    ###....
 Teleport Other           Tloc           #.......     95%         3    ###....
 Vampiric Draining        Necr           #.........   95%         3    ###....
 Animate Dead             Necr           N/A          100%        4    #####..
 Cause Fear               Hex            #.........   100%        4    #####..
 Dispel Undead            Necr           #.......     100%        4    #####..
 Fulminant Prism          Conj/Hex       #.........   100%        4    #####..
 Hailstorm                Conj/Ice       #.......     100%        4    #####..
 Ice Form                 Ice/Tmut       #.......     100%        4    #####..
 Iskenderun's Mystic Bla  Conj/Tloc      #.......     100%        4    #####..
 Leda's Liquefaction      Hex/Erth       #.........   100%        4    #####..
 Olgreb's Toxic Radiance  Pois           #.......     100%        4    #####..
 Petrify                  Tmut/Erth      #.......     100%        4    #####..
 Sticky Flame             Conj/Fire      #.......     100%        4    #####..
 Summon Ice Beast         Ice/Summ       #.......     100%        4    #####..
 Summon Lightning Spire   Summ/Air       #.......     100%        4    #####..
 Agony                    Necr           #.......     100%        5    ######.
 Alistair's Intoxication  Tmut/Pois      #.......     100%        5    ######.
 Blade Hands              Tmut           #.........   100%        5    ######.
 Bolt of Magma            Conj/Fire/Erth #.........   100%        5    ######.
 Borgnjor's Vile Clutch   Necr/Erth      #.........   100%        5    ######.
 Excruciating Wounds      Chrm/Necr      #.........   100%        5    ######.
 Fireball                 Conj/Fire      #.........   100%        5    ######.
 Irradiate                Conj/Tmut      #.........   100%        5    ######.
 Iskenderun's Battlesphe  Conj/Chrm      #.......     100%        5    ######.
 Lee's Rapid Deconstruct  Erth           #.........   100%        5    ######.
 Lightning Bolt           Conj/Air       #.........   100%        5    ######.
 Metabolic Englaciation   Hex/Ice        #.........   100%        5    ######.
 Silence                  Hex/Air        #.........   100%        5    ######.
 Summon Demon             Summ           #.........   100%        5    ######.
 Summon Forest            Summ/Tloc      #.........   100%        5    ######.
 Summon Mana Viper        Hex/Summ       #.......     100%        5    ######.
 Yara's Violent Unravell  Hex/Tmut       #.........   100%        5    ######.
 Conjure Ball Lightning   Conj/Air       #.........   100%        6    #######
 Darkness                 Hex            #.........   100%        6    #######
 Death Channel            Necr           #.........   100%        6    #######
 Dispersal                Tloc           #.........   100%        6    #######
 Eringya's Noxious Bog    Tmut/Pois      #.........   100%        6    #######
 Freezing Cloud           Conj/Ice/Air   #.........   100%        6    #######
 Hydra Form               Tmut           #.........   100%        6    #######
 Invisibility             Hex            #.......     100%        6    #######
 Iron Shot                Conj/Erth      #.........   100%        6    #######
 Ozocubu's Refrigeration  Ice            #.........   100%        6    #######
 Shadow Creatures         Summ           N/A          100%        6    #######
 Simulacrum               Ice/Necr       #.........   100%        6    #######
 Statue Form              Tmut/Erth      #........    100%        6    #######
 Dragon Form              Tmut           #.........   100%        7    #######
 Haunt                    Necr/Summ      #.........   100%        7    #######
 Malign Gateway           Summ/Tloc      #.........   100%        7    #######
 Summon Hydra             Summ           #.........   100%        7    #######
 Borgnjor's Revivificati  Necr           #.........   100%        8    #######
 Chain Lightning          Conj/Air       #.........   100%        8    #######
 Controlled Blink         Tloc           N/A          100%        8    #######
 Death's Door             Chrm/Necr      #.........   100%        8    #######
 Discord                  Hex            #.........   100%        8    #######
 Disjunction              Tloc           #.........   100%        8    #######
 Ignition                 Fire           #.........   100%        8    #######
 Infestation              Necr           #.........   100%        8    #######
 Lehudib's Crystal Spear  Conj/Erth      #.........   100%        8    #######
 Necromutation            Tmut/Necr      #.........   100%        8    #######
 Absolute Zero            Ice            #.........   100%        9    #######
 Dragon's Call            Summ           #.........   100%        9    #######
 Fire Storm               Conj/Fire      #.........   100%        9    #######
 Shatter                  Erth           #.........   100%        9    #######
 Tornado                  Air            #.........   100%        9    #######
 Passage of Golubria      Tloc           Unusable     N/A         4    N/A

Dungeon Overview and Level Annotations

Branches:
Dungeon (15/15)            Temple (1/1) D:5            Lair (6/6) D:8
  Swamp (4/4) Lair:4       Spider (4/4) Lair:3        Slime (0/5) Lair:5
    Orc (2/2) D:11            Elf (3/3) Orc:2        Vaults (5/5) D:13
  Crypt (3/3) Vaults:2       Tomb (0/3) Crypt:3      Depths (5/5) D:15
    Zot (5/5) Depths:5     WizLab (visited)         Gauntlet (visited)

Altars:
Ashenzari
Cheibriados
Dithmenos
Elyvilon
Fedhas
Gozag
Hepliaklqana
Kikubaaqudgha
Makhleb
Nemelex Xobeh
Okawaru
Qazlal
Ru
Sif Muna
Trog
Uskayaw
Vehumet
Wu Jian
Xom
Yredelemnul
Zin
The Shining One
Beogh
Jiyva

Shops:
D:7 =   D:9 :   D:11 }   D:12 (   D:13 (   D:15 :   Orc:1 (   Orc:2 *[(:*
Elf:1 =   Elf:3 (   Lair:2 [*[[   Vaults:1 [**   Vaults:2 }(:[   Vaults:5 %%?
Depths:4 }

Portals:
Hell: Depths:1 Depths:2 Depths:3 Depths:4 Depths:5
Abyss: Depths:2 Depths:4
Pandemonium: Depths:3 Depths:4
Ziggurat: Depths:3


Innate Abilities, Weirdness & Mutations

You reflexively headbutt those who attack you in melee.
You have a pair of horns on your head.
You have sharp fingernails.
You are partially covered in icy blue scales. (AC +2)
Your body sometimes deteriorates upon taking damage.
Your spells are a little easier to cast, but a little less powerful.


Message History

A hellwing comes into view.
Unknown command.
The hellwing moves out of view.
There is an escape hatch in the ceiling here.
Unknown command.
Unknown command.
A hellwing is nearby!
You see here a dagger.
There is a stone staircase leading up here.
You climb upwards.
There is a stone staircase leading down here.
There is a stone staircase leading up here.
You climb upwards.
There is a stone staircase leading down here.
You feel yourself speed up.
You eat one of the 41 rations.
That ration really hit the spot!
You enter the shallow water.
Moving in this stuff is going to be slow.
There is a staircase leading out of the dungeon here.
You have escaped!

#####.###..#####...†††...#
##.............######..#####
######...........##.# #..##)..
..........#.......#.######..##.##
######....#####................#
##.#.#.#.#.#.#.#.#.....##.##
#.#..#.#.#.#.#.#.####.##...
#.###.#.≈≈≈≈≈.#.## #.####.
#.##.#.#≈.@.≈#.#.# #.# #.
#.###.#.≈...≈.#.## #.# #.
#.##.#.#≈...≈#.#.# #.# #.
###...#.#.≈≈≈≈≈.#.### #.# #.
#......#.#.#.#.#.#..# #.# #.
#.#####.#.#.#.#.#.#.# #.# #.
#####.# #.##..###.#..#.###.# #.
....#.####.##......#........# #.
###.....##.###.#.#####...#### #.


There were no monsters in sight!

Vanquished Creatures
  3 ancient liches
  2 orbs of fire
  Mennas (Crypt:1)
  A juggernaut (Depths:5)
  Mara (Depths:1)
  A pandemonium lord (Zot:2)
  Boris (4 times) (Vaults:2 Vaults:4 D:15 Depths:3)
  Saint Roka (Vaults:2)
  2 curse toes
  the Lernaean hydra (Swamp:4)
  12 golden dragons
  A Hellbinder (WizLab)
  2 electric golems
  3 bone dragons
  Arachne (Spider:3)
  A Brimstone Fiend (D:13)
  12 Orb Guardians
  The ghost of Kaobra the Tortoise, an adept GnWz of Ashenzari (Elf:1)
  Rupert (D:13)
  Jorgrun (Swamp:2)
  20 tentacled monstrosities
  4 liches
  5 titans
  3 deep elf blademasters
  2 deep elf master archers (Elf:3)
  7 quicksilver dragons
  5 tengu reavers
  11 sphinxes
  8 death cobs
  9 ancient champions
  Gastronok (Lair:3)
  13 shadow dragons
  2 thorn hunters
  Donald (Swamp:3)
  Kirke (Lair:4)
  4 draconian monks
  16 storm dragons
  Roxanne (Elf:2)
  A balrug (Depths:4)
  5 fire giants
  A draconian knight (Zot:2)
  3 revenants
  3 draconian scorchers
  3 curse skulls
  Aizul (Depths:2)
  14 frost giants
  6 iron dragons
  5 emperor scorpions
  A caustic shrike zombie (Crypt:3)
  11 deep elf sorcerers
  4 deep elf elementalists
  2 cacodemons (WizLab)
  Louise (Swamp:2)
  6 ghost moths
  2 orc warlords (Orc:2)
  7 draconian stormcallers
  3 ghouls
  14 vault wardens
  11 ironheart preservers
  8 draconian annihilators
  3 entropy weavers
  A reaper (Crypt:3)
  4 war gargoyles (Vaults:5)
  A spriggan defender (Depths:3)
  21 very ugly things
  26 stone giants
  6 vampire knights
  3 caustic shrike skeletons
  11 green draconians
  2 lorocyprocas
  The ghost of Gadfly the Thaumaturge, a journeyman DrNe of Kikubaaqudgha (Orc:2)
  10 purple draconians
  A black sun (WizLab)
  9 white draconians
  11 yellow draconians
  8 spark wasps
  12 deep elf demonologists
  12 black draconians
  7 red draconians
  A minotaur (Gauntlet)
  A spark wasp (shapeshifter) (Vaults:5)
  11 deep elf annihilators
  A dire elephant (Lair:6)
  15 ettins
  10 deep elf death magi
  5 eidola
  A mummy priest (Crypt:3)
  9 jiangshi
  A crystal guardian (Vaults:4)
  3 deep elf high priests
  12 great orbs of eyes
  20 ogre magi
  9 fire dragons
  26 yaktaur captains
  3 green deaths (WizLab)
  35 vault guards
  A monstrous demonspawn (Depths:4)
  Erolcha (Orc:1)
  A ghost crab (Swamp:3)
  5 rakshasas
  Harold (Orc:1)
  34 hydras
  A spriggan air mage (Depths:3)
  10 ice dragons
  A shambling mangrove (Swamp:2)
  A quicksilver dragon skeleton (Crypt:3)
  An anaconda (shapeshifter) (Vaults:5)
  8 alligators
  12 centaur warriors
  9 death knights
  6 death yaks (Lair:6)
  2 catoblepae
  A two-headed ogre (shapeshifter) (Vaults:4)
  69 two-headed ogres
  15 deep troll shamans
  A queen ant (Spider:3)
  Urug (Lair:4)
  5 vampire magi
  8 deep troll earth magi
  5 spriggan berserkers (Depths:3)
  2 tengu warriors
  An orc high priest (Orc:2)
  5 soul eaters
  12 hell knights
  26 deep elf knights
  5 titan skeletons (Crypt:3)
  2 sixfirhies
  A storm dragon skeleton (Crypt:3)
  5 iron trolls
  3 shadow wraiths
  4 death drakes
  A spriggan druid (Swamp:2)
  10 unseen horrors
  A gelid demonspawn (Depths:3)
  34 skeletal warriors
  9 flayed ghosts
  9 glowing orange brains
  18 swamp dragons
  A spectral hydra (Depths:2)
  28 deep trolls
  2 shadow demons (WizLab)
  An anaconda skeleton (Crypt:3)
  16 phantasmal warriors
  21 deep elf archers
  A shadow dragon zombie (Crypt:1)
  15 harpies
  8 necromancers
  2 orange crystal statues (Depths:2)
  15 orc knights
  5 wizards
  31 ugly things
  A stone giant zombie (Crypt:3)
  16 ironbrand convokers
  16 orb spiders
  3 frost giant zombies
  A shadow dragon skeleton (Crypt:3)
  4 orc sorcerers
  65 deep elf magi
  26 wolf spiders
  27 moths of wrath
  A worldbinder (Gauntlet)
  4 human zombies
  7 manticores
  3 mana vipers (Depths:2)
  8 cyclopes
  A moth of wrath (shapeshifter) (Vaults:5)
  A frost giant skeleton (Crypt:3)
  4 elephants (Lair:6)
  2 human skeletons (Vaults:1)
  2 iron dragon skeletons
  A fire giant skeleton (Crypt:3)
  A guardian serpent (shapeshifter) (Vaults:2)
  6 torpor snails
  3 orange demons (WizLab)
  A rust devil (WizLab)
  3 black mambas
  A stone giant skeleton (Vaults:1)
  A smoke demon (WizLab)
  5 gargoyles
  14 vault sentinels
  4 hellions
  Maggie (Lair:2)
  A torpor snail (shapeshifter) (Depths:5)
  11 spiny frogs
  3 rime drakes
  5 komodo dragons (shapeshifter)
  2 rime drakes (shapeshifter)
  21 freezing wraiths
  5 spectral swamp worms (Depths:4)
  2 yaktaurs (shapeshifter)
  3 anaconda simulacra (Depths:2)
  A pale draconian zombie (Crypt:2)
  4 ice devils
  2 dire elephant skeletons (Crypt:3)
  65 yaktaurs
  A hellwing (Depths:4)
  5 komodo dragons
  6 guardian mummies (Crypt:3)
  A purple draconian skeleton (Crypt:2)
  16 demonic crawlers
  4 red devils (WizLab)
  A tengu conjurer (D:11)
  7 trolls
  45 jumping spiders
  9 meliai
  A polar bear (Lair:6)
  20 hornets
  A sphinx simulacrum (Vaults:3)
  7 tyrant leeches
  2 jumping spiders (shapeshifter)
  A hornet (shapeshifter) (Depths:3)
  2 hydra skeletons (Crypt:3)
  8 blink frogs
  A wind drake (shapeshifter) (Vaults:2)
  9 bog bodies
  A slime creature (shapeshifter) (Vaults:5)
  2 raiju (Depths:2)
  An ettin zombie (Vaults:5)
  A snapping turtle (shapeshifter) (Depths:3)
  A satyr zombie (Crypt:3)
  17 hippogriffs
  A dream sheep (shapeshifter) (Depths:3)
  5 dream sheep (Lair:6)
  2 fire dragon skeletons (Crypt:3)
  A human simulacrum (Vaults:2)
  A stone giant simulacrum (Vaults:1)
  5 flying skulls
  27 tarantellas
  2 ettin skeletons (Crypt:3)
  73 slime creatures
  6 shadows
  An alligator skeleton (Crypt:3)
  18 wraiths
  97 redbacks
  3 fire elementals
  8 vampires
  2 ynoxinuls
  8 spriggans
  A tarantella (shapeshifter) (Vaults:5)
  4 air elementals
  9 water elementals
  10 wyverns
  A basilisk (shapeshifter) (Vaults:1)
  3 hogs (Lair:4)
  17 yaks
  5 basilisks
  4 neqoxecs
  4 hungry ghosts
  A minotaur simulacrum (Depths:2)
  A human (shapeshifter) (Depths:3)
  A wind drake skeleton (Crypt:1)
  2 chaos spawn
  14 vampire mosquitoes
  Menkaure (D:5)
  A glowing shapeshifter zombie (Crypt:2)
  12 wargs
  2 merfolk zombies
  15 swamp worms
  2 hydra simulacra (Depths:2)
  6 insubstantial wisps (Swamp:2)
  Duvessa (D:5)
  A water nymph skeleton (Crypt:1)
  26 soldier ants
  A floating eye (shapeshifter) (Vaults:5)
  2 floating eyes
  9 water moccasins
  A two-headed ogre skeleton (Crypt:3)
  9 hell hounds
  A spectral troll (Depths:2)
  A spiny frog skeleton (Crypt:3)
  4 spectral spriggans (Depths:2)
  4 porcupines
  An acid dragon (D:12)
  4 ice beasts
  51 orc warriors
  A sky beast (D:10)
  15 swamp drakes
  An ettin simulacrum (Crypt:3)
  2 phantoms
  20 boggarts
  2 black bears
  An eye of draining (Depths:1)
  A hornet zombie (Vaults:1)
  16 wolves
  34 ogres
  A necrophage (Crypt:3)
  17 centaurs
  16 crocodiles
  A hog skeleton (Crypt:1)
  2 big kobolds
  A fire crab zombie (Crypt:3)
  14 bullfrogs
  7 earth elementals
  Blork the orc (Orc:2)
  A cyclops zombie (Crypt:2)
  3 wyvern skeletons
  6 scorpions
  Dowan (D:5)
  2 spectral ogres (Depths:2)
  A spriggan zombie (Crypt:1)
  3 spectral nagas (Depths:2)
  11 killer bees
  An orc simulacrum (Vaults:2)
  A troll skeleton (Crypt:3)
  2 electric eels (Lair:6)
  19 wights
  6 howler monkeys
  8 crimson imps
  A spectral centaur (Depths:2)
  5 centaur zombies
  6 bullfrog zombies
  A quasit (D:9)
  A wolf skeleton (Crypt:3)
  9 hounds
  25 orc priests
  2 bullfrog skeletons
  A centaur skeleton (D:11)
  4 jellies
  A gnoll shaman (D:6)
  32 orc wizards
  An iron imp (D:9)
  5 iguanas
  27 worker ants
  A spriggan simulacrum (Depths:2)
  A dwarf zombie (Crypt:2)
  A hound zombie (Crypt:3)
  An ogre skeleton (Crypt:3)
  A worker ant zombie (Crypt:2)
  8 adders
  10 gnolls
  A naga simulacrum (Depths:2)
  A river rat (shapeshifter) (Vaults:5)
  2 shadow imps
  5 oozes
  2 adder zombies (D:9)
  A lava snake zombie (Crypt:2)
  5 adder skeletons
  A worm (D:5)
  3 dart slugs
  4 leopard geckos
  115 orcs
  A ball python (D:3)
  5 bats
  A bat zombie (Crypt:3)
  5 giant cockroaches
  8 goblins
  9 hobgoblins
  8 jackals
  8 quokkas
  2 frilled lizards (D:1)
  A goblin zombie (D:9)
  3 hobgoblin zombies (D:9)
  13 kobolds
  An orc skeleton (D:9)
  An orc zombie (D:9)
  2 quokka skeletons
  10 rats
  5 fungi
  4 plants
  4 toadstools (Swamp:3)
2695 creatures vanquished.

Vanquished Creatures (collateral kills)
  A Killer Klown (Zot:5)
  An electric golem (Zot:5)
  A tentacled monstrosity (Zot:5)
  7 Orb Guardians (Zot:5)
  3 shadow dragons (Zot:5)
  A draconian monk (Zot:5)
  A ghost moth (Zot:5)
  A draconian knight (Zot:5)
  A black draconian (Zot:5)
  A red draconian (Zot:5)
18 creatures vanquished.

Vanquished Creatures (others)
  4 orbs of fire (Zot:5)
  2 Killer Klowns (Zot:5)
  2 tentacled monstrosities (Zot:5)
  8 Orb Guardians (Zot:5)
  A death cob (Zot:5)
  3 draconian scorchers (Zot:5)
  2 draconian knights (Zot:5)
  A draconian stormcaller (Zot:5)
  2 green draconians (Zot:5)
  2 red draconians (Zot:5)
  An ettin (Zot:5)
  27 dancing weapons
  A deep elf knight (Elf:1)
  Sonja (Lair:4)
  A deep troll (Depths:3)
  A deep elf archer (Elf:1)
  A deep elf mage (Elf:2)
  A red devil (Zot:2)
  A chaos spawn (Zot:2)
  An ogre (Vaults:5)
  A bullfrog (Lair:1)
  2 briar patches (Swamp:4)
  2 bushes (Lair:6)
  5 fungi
  10 plants
  9 toadstools
92 creatures vanquished.

Grand Total: 2805 creatures vanquished

Notes
Turn   | Place    | Note
-------+----------+-------------------------------------------
     0 | D:1      | DeepDeath the Minotaur Fighter began the quest for the Orb.
     0 | D:1      | Reached XP level 1. HP: 19/19 MP: 0/0
    69 | D:1      | Reached XP level 2. HP: 23/27 MP: 1/1
   507 | D:1      | Reached XP level 3. HP: 33/33 MP: 2/2
  1400 | D:3      | Found a hazy altar of Hepliaklqana.
  1438 | D:3      | Reached XP level 4. HP: 39/40 MP: 3/3
  1478 | D:3      | Reached skill level 1 in Dodging
  1478 | D:3      | Reached XP level 5. HP: 28/47 MP: 4/4
  1843 | D:4      | Reached skill level 5 in Shields
  1845 | D:4      | Reached XP level 6. HP: 37/53 MP: 5/5
  1987 | D:4      | Reached skill level 5 in Axes
  1991 | D:4      | Noticed an orc warrior
  2006 | D:4      | Reached skill level 5 in Armour
  2303 | D:4      | Reached skill level 5 in Fighting
  2305 | D:4      | Killed an orc warrior
  2305 | D:4      | Reached XP level 7. HP: 41/61 MP: 6/6
  3177 | D:5      | Entered Level 5 of the Dungeon
  3177 | D:5      | Found a hide-covered altar of Uskayaw.
  3396 | D:5      | Noticed Dowan
  3397 | D:5      | Noticed Duvessa
  3408 | D:5      | Killed Dowan
  3408 | D:5      | Reached XP level 8. HP: 70/70 MP: 7/7
  3419 | D:5      | Found a staircase to the Ecumenical Temple.
  3432 | Temple   | Entered the Ecumenical Temple
  3674 | Temple   | Became a worshipper of Gozag Ym Sagoz the Greedy
  3831 | D:5      | Killed Duvessa
  3891 | D:5      | Noticed Menkaure
  3909 | D:5      | Killed Menkaure
  4465 | D:6      | Reached skill level 1 in Stealth
  4510 | D:6      | Found a hazy altar of Hepliaklqana.
  4779 | D:7      | Reached XP level 9. HP: 72/75 MP: 8/8
  4988 | D:7      | Reached skill level 10 in Axes
  5223 | D:7      | Found Leckikh's Jewellery Boutique.
  5270 | D:7      | Found a shadowy altar of Dithmenos.
  5381 | D:7      | Found an iron altar of Okawaru.
  5674 | D:8      | Found a snail-covered altar of Cheibriados.
  5833 | D:8      | Found a staircase to the Lair.
  5834 | D:8      | Noticed a komodo dragon
  5898 | D:8      | Killed a komodo dragon
  6065 | D:8      | Found a sacrificial altar of Ru.
  6475 | D:9      | Found Feyphar's Book Shop.
  6566 | D:9      | Reached skill level 1 in Throwing
  6574 | D:9      | Reached XP level 10. HP: 73/86 MP: 9/9
  6728 | D:9      | Found a glowing golden altar of the Shining One.
  6938 | D:9      | Found a shattered altar of Ashenzari.
  7091 | D:7      | Bought the ring "Meal Usa" {MR++ Str-4 Int+6 SInv Stlth+}
                  | for 942 gold pieces
  7156 | D:10     | Entered Level 10 of the Dungeon
  7851 | Lair:1   | Entered Level 1 of the Lair of Beasts
  7870 | Lair:1   | Noticed a four-headed hydra
  7886 | Lair:1   | Killed a four-headed hydra
  7921 | Lair:1   | Noticed a spiny frog
  7934 | Lair:1   | Killed a spiny frog
  8114 | Lair:1   | Reached skill level 5 in Dodging
  8301 | Lair:1   | Noticed a spiny frog
  8321 | Lair:1   | Killed a spiny frog
  8554 | Lair:1   | Noticed a black mamba
  8570 | Lair:1   | Killed a black mamba
  8570 | Lair:1   | Reached XP level 11. HP: 82/94 MP: 10/10
  8587 | Lair:1   | Noticed a seven-headed hydra
  8596 | Lair:1   | Killed a seven-headed hydra
  9435 | Lair:2   | Reached skill level 5 in Polearms
 10152 | Lair:2   | Noticed Maggie
 10161 | Lair:2   | Killed Maggie
 10986 | Lair:3   | Noticed Gastronok
 11079 | Lair:3   | Found a hole to the Spider Nest.
 11160 | Lair:3   | Reached skill level 1 in Evocations
 11693 | Lair:3   | Killed Gastronok
 11775 | Lair:4   | Found a staircase to the Swamp.
 11964 | Lair:4   | Noticed an eight-headed hydra
 11979 | Lair:4   | Killed an eight-headed hydra
 11979 | Lair:4   | Reached skill level 10 in Armour
 12116 | Lair:4   | Noticed Kirke
 12140 | Lair:4   | Noticed a harpy
 12140 | Lair:4   | Noticed a harpy
 12140 | Lair:4   | Noticed a harpy
 12142 | Lair:4   | Killed Kirke
 12142 | Lair:4   | Reached skill level 10 in Shields
 12142 | Lair:4   | Reached XP level 12. HP: 79/104 MP: 12/12
 12239 | Lair:4   | Noticed Urug
 12342 | Lair:4   | Noticed Sonja
 12345 | Lair:4   | Killed Sonja
 12745 | Lair:5   | Noticed a seven-headed hydra
 12760 | Lair:5   | Killed a seven-headed hydra
 12967 | Lair:5   | Found a runed translucent door.
 12968 | Lair:5   | Found a viscous altar of Jiyva.
 12970 | Lair:5   | Found a staircase to the Slime Pits.
 13608 | Lair:5   | Noticed a six-headed hydra
 13627 | Lair:5   | Killed a nine-headed hydra
 13994 | Lair:5   | Reached skill level 10 in Fighting
 14354 | Lair:4   | Killed Urug
 14455 | Lair:2   | Bought a glowing dark potion for 29 gold pieces
 14455 | Lair:2   | Bought a scroll of identify for 66 gold pieces
 14455 | Lair:2   | Bought a bubbling coppery potion for 29 gold pieces
 14455 | Lair:2   | Bought a scroll of fear for 115 gold pieces
 14455 | Lair:2   | Bought a jewelled spear for 264 gold pieces
 14455 | Lair:2   | Identified the +2 spear of the Exiled Ships {vorpal, +Blink
                  | Dex+4} (You bought it in a shop on level 2 of the Lair of
                  | Beasts)
 14456 | Lair:2   | Bought a scorched spear for 264 gold pieces
 14456 | Lair:2   | Identified the +5 spear "Vithiz" {freeze, Int+3 SInv} (You
                  | bought it in a shop on level 2 of the Lair of Beasts)
 14835 | D:11     | Found Weoj's Gadget Shoppe.
 14838 | D:11     | Bought a wand of acid (7) for 286 gold pieces
 14910 | D:11     | Found a staircase to the Orcish Mines.
 15246 | D:11     | Noticed a two-headed ogre
 15254 | D:11     | Killed a two-headed ogre
 15354 | D:12     | Noticed a two-headed ogre
 15367 | D:12     | Killed a two-headed ogre
 15400 | D:12     | Reached XP level 13. HP: 90/114 MP: 13/13
 15790 | D:12     | Found an opulent altar of Gozag.
 15857 | D:12     | Got a dazzling hand axe
 15858 | D:12     | Identified the cursed +0 hand axe of the Jester {vorpal,
                  | Int+4} (You found it on level 12 of the Dungeon)
 16076 | D:12     | Found an iron altar of Okawaru.
 16203 | D:12     | Found Iphis's Weapon Shoppe.
 16443 | Orc:1    | Entered Level 1 of the Orcish Mines
 16493 | Orc:1    | Noticed Harold
 16495 | Orc:1    | Noticed Erolcha
 16503 | Orc:1    | Killed Harold
 16509 | Orc:1    | Killed Erolcha
 16659 | Orc:1    | Found a roughly hewn altar of Beogh.
 16752 | Orc:1    | Found a shimmering altar of Xom.
 16941 | Orc:1    | Found Jonen's Weapon Shop.
 16944 | Orc:1    | Bought the +10 war axe of Freehold {vorpal, +Blink rN++}
                  | for 1195 gold pieces
 16960 | Orc:2    | Entered Level 2 of the Orcish Mines
 17051 | Orc:2    | Identified the cursed +0 great mace "Olojeusy" {antimagic,
                  | Dex+2}
 17051 | Orc:2    | Identified the +7 dire flail "Fikianid" {vamp, Int+3}
 17051 | Orc:2    | Noticed an ettin
 17056 | Orc:2    | Found a transporter.
 17056 | Orc:2    | Noticed Gadfly's ghost (journeyman DrNe)
 17059 | Orc:2    | Found a bloodstained altar of Trog.
 17067 | Orc:2    | Identified the +9 triple sword of Uptekk {holy, rC+ Str+4
                  | Dex+3}
 17084 | Orc:2    | Found a transporter.
 17322 | Orc:2    | Noticed an orc warlord
 17357 | Orc:2    | Killed an orc warlord
 17644 | Orc:2    | Found a roughly hewn altar of Beogh.
 17764 | Orc:2    | Found a staircase to the Elven Halls.
 17888 | Orc:2    | Noticed Blork the orc
 17911 | Orc:2    | Killed Blork the orc
 18117 | Orc:2    | Noticed an orc warlord
 18158 | Orc:2    | Killed an orc warlord
 18455 | Orc:2    | Found Ibozaco's Assorted Antiques.
 18465 | Orc:2    | Bought a scroll of identify for 72 gold pieces
 18465 | Orc:2    | Bought a scroll labeled REDWAE YBIOHE for 36 gold pieces
 18465 | Orc:2    | Bought a potion of stabbing for 144 gold pieces
 18625 | Orc:2    | Found a roughly hewn altar of Beogh.
 18651 | Orc:2    | Reached skill level 5 in Throwing
 18652 | Orc:2    | Found Wosewkud's Book Shoppe.
 18696 | Orc:2    | Found Joumokof's Antique Weapon Shoppe.
 18736 | Orc:2    | Found Qynwepemn's General Store.
 18742 | Orc:2    | Bought a scroll of identify for 26 gold pieces
 18742 | Orc:2    | Bought a scroll of identify for 26 gold pieces
 18742 | Orc:2    | Bought 3 scrolls of identify for 78 gold pieces
 18812 | Orc:2    | Found Exiab's Antique Armour Shoppe.
 18918 | Orc:2    | Bought a +2 chain mail of fire resistance for 279 gold
                  | pieces
 18934 | Orc:2    | Bought a pair of embroidered boots for 180 gold pieces
 18946 | Orc:2    | Identified a +2 pair of boots of running (You bought it in
                  | a shop on level 2 of the Orcish Mines)
 19106 | D:13     | Found a gate to the Vaults.
 19189 | D:13     | Got a fine shortbow
 19240 | D:13     | Reached skill level 15 in Axes
 19302 | D:13     | Reached XP level 14. HP: 73/125 MP: 14/14
 19474 | D:13     | Found Judehupt's Weapon Emporium.
 19875 | D:13     | Noticed Rupert
 20110 | D:13     | Killed Rupert
 20491 | D:13     | Found a roughly hewn altar of Beogh.
 20565 | D:13     | Identified the cursed +1 shortbow of the Valley of Death
                  | {speed, rF++ Int-2 SInv Stlth+} (You found it on level 13
                  | of the Dungeon)
 20882 | Lair:6   | Entered Level 6 of the Lair of Beasts
 20986 | Lair:6   | Found a gate leading to a gauntlet.
 21170 | Gauntlet | Entered a Gauntlet
 21170 | Gauntlet | Found a transporter.
 21173 | Gauntlet | Found a transporter.
 21175 | Gauntlet | Found a transporter.
 21189 | Gauntlet | Found a transporter.
 21191 | Gauntlet | Found a transporter.
 21204 | Gauntlet | Found a transporter.
 21209 | Gauntlet | Found a runed translucent door.
 21216 | Gauntlet | Found a transporter.
 21224 | Gauntlet | Found a transporter.
 21237 | Gauntlet | Found a transporter.
 21242 | Gauntlet | Found a transporter.
 21251 | Gauntlet | Found a runed translucent gate.
 21252 | Gauntlet | Found a transporter.
 21252 | Gauntlet | Found a runed translucent gate.
 21253 | Gauntlet | Found a runed translucent gate.
 21253 | Gauntlet | Found a transporter.
 21275 | Gauntlet | Found a transporter.
 21283 | Gauntlet | Found a transporter.
 21437 | Gauntlet | Got a distressingly furry cloak
 21449 | Gauntlet | Identified the +0 cloak "Vaurekh" {MR++ Str+5 Stlth-} (You
                  | found it in a Gauntlet)
 22326 | Lair:6   | Identified the Tome of Creative Dislocation
 22338 | Lair:6   | Got a dazzling morningstar
 22344 | Lair:6   | Identified the +5 morningstar of Somewhere Else {flame,
                  | Str+4} (You found it on level 6 of the Lair of Beasts)
 23770 | D:14     | Reached XP level 15. HP: 134/136 MP: 15/15
 24045 | D:15     | Entered Level 15 of the Dungeon
 24335 | D:15     | Found a staircase to the Depths.
 24415 | D:15     | Found Juefrimae's Book Shop.
 24621 | D:15     | Reached skill level 15 in Shields
 25051 | Orc:2    | Killed Gadfly's ghost
 25181 | Orc:2    | Bought a manual of Dodging for 1545 gold pieces
 25439 | Swamp:1  | Entered Level 1 of the Swamp
 26249 | Swamp:2  | Noticed Louise
 26361 | Swamp:2  | Noticed Jorgrun
 26382 | Swamp:2  | Killed Jorgrun
 26439 | Swamp:2  | Reached skill level 15 in Fighting
 26584 | Swamp:2  | Reached XP level 16. HP: 104/149 MP: 17/17
 26774 | Swamp:2  | Found a sparkling altar of Nemelex Xobeh.
 26934 | Swamp:2  | Killed Louise
 27296 | Swamp:3  | Noticed a thorn hunter
 27308 | Swamp:3  | Killed a thorn hunter
 27926 | Swamp:4  | Entered Level 4 of the Swamp
 28048 | Swamp:4  | Noticed a thorn hunter
 28064 | Swamp:4  | Killed a thorn hunter
 28653 | Swamp:4  | Noticed Donald
 28701 | Swamp:3  | Killed Donald
 28990 | Swamp:4  | Noticed the 27-headed Lernaean hydra
 29007 | Swamp:4  | Killed the 27-headed Lernaean hydra
 29405 | Swamp:4  | Reached skill level 10 in Throwing
 29516 | Swamp:4  | Got a decaying rune of Zot
 29856 | Lair:2   | Bought a faintly glowing plate armour for 532 gold pieces
 29856 | Lair:2   | Bought a pair of ancient gloves for 180 gold pieces
 29859 | Lair:2   | Identified the +9 plate armour of the Valley {rPois} (You
                  | bought it in a shop on level 2 of the Lair of Beasts)
 29860 | Lair:2   | Identified the -3 pair of gloves "Heub" {rC+ rN+ MR- Dex+2}
                  | (You bought it in a shop on level 2 of the Lair of Beasts)
 30060 | Spider:1 | Entered Level 1 of the Spider Nest
 30618 | Spider:1 | Reached XP level 17. HP: 158/158 MP: 18/18
 31690 | Spider:3 | Reached skill level 10 in Dodging
 31708 | Spider:3 | Noticed Arachne
 31729 | Spider:3 | Killed Arachne
 31742 | Spider:3 | Reached skill level 15 in Armour
 32787 | Spider:4 | Entered Level 4 of the Spider Nest
 32979 | Spider:4 | Identified the +9 long sword of Earthquakes {holy, rElec
                  | rC- MR++ Str-3} (You found it on level 4 of the Spider
                  | Nest)
 33864 | Spider:4 | Reached XP level 18. HP: 176/176 MP: 19/19
 34160 | Spider:4 | Got a gossamer rune of Zot
 34678 | Lair:2   | Bought the +3 crown of Dyrovepreva {rElec Int+2 SInv} for
                  | 1614 gold pieces
 34678 | Lair:2   | Found the +3 crown of Dyrovepreva {rElec Int+2 SInv}
 34678 | Lair:2   | Bought a runed cloak for 292 gold pieces
 34747 | Lair:2   | Bought a ring of dexterity for 66 gold pieces
 34932 | Vaults:1 | Entered Level 1 of the Vaults
 34986 | Vaults:1 | Got a clouded diamond amulet
 35864 | Vaults:1 | Identified the amulet of Nafa {Spirit rN+ MR+ Str+5 Dex-5}
                  | (You found it on level 1 of the Vaults)
 36278 | Vaults:1 | Found Yletwinnuz's Antique Armour Shop.
 36297 | Vaults:1 | Bought a heavily runed chain mail for 218 gold pieces
 36297 | Vaults:1 | Identified the +2 chain mail "Nepny" {rF+ Int-3 Dex+4 SInv}
                  | (You bought it in a shop on level 1 of the Vaults)
 36677 | Vaults:2 | Noticed Boris
 36689 | Vaults:2 | Killed Boris
 36996 | Vaults:2 | Reached XP level 19. HP: 179/185 MP: 20/20
 37090 | Vaults:2 | Found Fittus's Gadget Shoppe.
 37098 | Vaults:2 | Bought a wand of clouds (6) for 330 gold pieces
 37143 | Vaults:2 | Found Winerph's Antique Weapon Shoppe.
 37168 | Vaults:2 | Found Qeacoc's Book Emporium.
 37290 | Vaults:2 | Found Opheacw's Antique Armour Emporium.
 37298 | Vaults:2 | Reached skill level 15 in Dodging
 37422 | Vaults:2 | Noticed Saint Roka
 37450 | Vaults:2 | Killed Saint Roka
 37665 | Vaults:2 | Found a staircase to the Crypt.
 38081 | Vaults:2 | Bought a runed tower shield for 247 gold pieces
 38225 | Vaults:3 | Found a portal to a secret trove of treasure.
 38339 | Vaults:3 | Found a magical portal.
 38500 | WizLab   | Entered The Hall of the Hellbinder
 38825 | WizLab   | Noticed Isagh
 38831 | WizLab   | Gained mutation: You tend to lose your temper in combat. [a
                  | neqoxec]
 38834 | WizLab   | Killed Isagh the Hellbinder
 38836 | WizLab   | Gained mutation: You are occasionally teleported next to
                  | monsters. [a cacodemon]
 38837 | WizLab   | Found a burning altar of Makhleb.
 38837 | WizLab   | Gained mutation: You often lose your temper in combat. [a
                  | cacodemon]
 38862 | WizLab   | Gained mutation: You are clumsy. (Dex -2) [a neqoxec]
 38898 | WizLab   | Got a flickering amber ring
 38902 | WizLab   | Identified the amulet of Tender Moments {+Fly Regen+ Int+4
                  | Dex-2} (You found it in a wizard's laboratory)
 39021 | WizLab   | Lost mutation: You are occasionally teleported next to
                  | monsters. [potion of mutation]
 39021 | WizLab   | Lost mutation: You are clumsy. (Dex -2) [potion of
                  | mutation]
 39021 | WizLab   | Lost mutation: You often lose your temper in combat.
                  | [potion of mutation]
 39021 | WizLab   | Gained mutation: You are partially covered in icy blue
                  | scales. (AC +2) [potion of mutation]
 39021 | WizLab   | Lost mutation: You tend to lose your temper in combat.
                  | [potion of mutation]
 39021 | WizLab   | Gained mutation: You have sharp fingernails. [potion of
                  | mutation]
 39049 | WizLab   | Identified the Grimoire of Creation
 39051 | WizLab   | Identified Sif Muna's Handbook of Gliding Ice
 39057 | WizLab   | Identified the ring "Tagol" {Fire +Fly Int+2} (You found it
                  | in a wizard's laboratory)
 39058 | WizLab   | Identified the cursed ring of Zikkuxipei {rC+ AC-4 Str+9
                  | Int-4 Stlth+} (You found it in a wizard's laboratory)
 39619 | Vaults:3 | Reached XP level 20. HP: 195/195 MP: 21/21
 40299 | D:7      | Bought the amulet of Bauchay {*Corrode +Blink rC+++ Regen+
                  | Str+2} for 1008 gold pieces
 40496 | Vaults:3 | You paid a toll of the amulet of Bauchay to enter a
                  | treasure trove
 40497 | Trove    | Entered a treasure trove
 40500 | Trove    | Found the +4 Cigotuvi's embrace {rRot *Drain rN+}
 40502 | Trove    | Found the +2 cloak of the Thief {+Fog Slay-2 SInv Stlth+}
 40502 | Trove    | Found the +3 robe of Folly {Archmagi, MR-- Int+5}
 40509 | Trove    | Got a pair of translucent gloves
 40511 | Trove    | Got a pair of bloodstained boots
 40513 | Trove    | Got a pair of distressingly furry boots
 40515 | Trove    | Got a polished chain mail
 40522 | Trove    | Got a brightly glowing scale mail
 40524 | Trove    | Got a pair of masterwork gloves
 40529 | Trove    | Got a faintly glowing hat
 40623 | Trove    | Identified the +0 pair of gloves of Dim Light {rPois Str+3
                  | Int+3} (You found it in a treasure trove)
 40624 | Trove    | Identified the +0 pair of boots "Name" {rN+} (You found it
                  | in a treasure trove)
 40625 | Trove    | Identified the -1 pair of boots "Jyiso" {rPois Str-5
                  | Slay+3} (You found it in a treasure trove)
 40626 | Trove    | Identified the cursed +0 chain mail of the Serpent {rPois
                  | rN+ Int-3} (You found it in a treasure trove)
 40627 | Trove    | Identified the +1 scale mail of Fedhas's Inspiration {rC-
                  | Regen+ rCorr Dex+8} (You found it in a treasure trove)
 40628 | Trove    | Identified the +1 pair of gloves of Guthreunew {rElec rC++
                  | Str-3} (You found it in a treasure trove)
 40629 | Trove    | Identified the +3 hat of Autumn {rF- rC+++ rN+} (You found
                  | it in a treasure trove)
 41095 | Lair:2   | Bought a buzzing plate armour for 1092 gold pieces
 41096 | Lair:2   | Identified the +2 plate armour "Citeevotuan" {rN+} (You
                  | bought it in a shop on level 2 of the Lair of Beasts)
 42076 | Vaults:4 | Noticed Boris
 42083 | Vaults:4 | Killed Boris
 43684 | Lair:2   | Bought a masterwork buckler for 370 gold pieces
 43686 | Lair:2   | Identified the cursed -4 buckler of Deoroip {rElec rPois
                  | rF+} (You bought it in a shop on level 2 of the Lair of
                  | Beasts)
 44006 | Elf:1    | Entered Level 1 of the Elven Halls
 44194 | Elf:1    | Identified the +1 scale mail of Shielding {Str+2 Dex+3
                  | Slay+2} (You found it on level 1 of the Elven Halls)
 44234 | Elf:1    | Found Olaanatt's Jewellery Shoppe.
 44345 | Elf:1    | Bought the amulet of Vamas {Reflect rN+ SH+5} for 412 gold
                  | pieces
 44680 | Elf:1    | Reached XP level 21. HP: 207/207 MP: 23/23
 44761 | Elf:1    | Found a runed translucent door.
 44761 | Elf:1    | Noticed Kaobra's ghost (adept GnWz)
 44819 | Elf:1    | Killed Kaobra's ghost
 45260 | Elf:2    | Identified Roxanne's Handbook of the Crushed Emperors
 45260 | Elf:2    | Noticed Roxanne
 45384 | Elf:2    | Found a runed translucent gate.
 45384 | Elf:2    | Found a runed translucent gate.
 45385 | Elf:2    | Found a runed translucent gate.
 45572 | Elf:2    | Killed Roxanne
 46108 | Elf:3    | Entered Level 3 of the Elven Halls
 46141 | Elf:3    | Found Qinywkixu's Antique Weapon Shop.
 46198 | Elf:3    | Found a radiant altar of Vehumet.
 46841 | Elf:3    | Identified the cursed +0 robe "Bubbyoty" {rElec rF- Str+8}
 46844 | Elf:3    | Identified the +1 scale mail "Wionaarch" {rPois rC- rN+}
 46875 | Elf:3    | Identified the +8 dagger of Evolution {drain, rC- Str+3
                  | Int+4}
 47240 | Elf:3    | Identified the cursed +1 quarterstaff of the Crushed
                  | Prophets {protect, Str+4}
 47283 | Elf:3    | Identified the cursed +1 shortbow of Imminent Death {flame,
                  | rPois rF- SInv Stlth-}
 47602 | Elf:3    | Identified the Papyrus of Captivating Necromancy
 47683 | Elf:3    | Got a bloodstained rapier
 47684 | Elf:3    | Identified the +4 rapier "Feideita" {freeze, +Fly MP+9}
                  | (You found it on level 3 of the Elven Halls)
 48607 | Lair:2   | Bought the cursed +1 gold dragon scales of Spring Thaw
                  | {+Inv rPois rF+ rC+ Regen+} for 1824 gold pieces
 48858 | Crypt:1  | Entered Level 1 of the Crypt
 48970 | Crypt:1  | Reached skill level 1 in Long Blades
 49307 | Crypt:1  | Reached skill level 5 in Long Blades
 49392 | Crypt:1  | Noticed Mennas
 49405 | Crypt:1  | Killed Mennas
 49405 | Crypt:1  | Reached XP level 22. HP: 213/220 MP: 24/24
 49811 | Crypt:1  | Reached skill level 1 in Maces & Flails
 50141 | Depths:1 | Entered Level 1 of the Depths
 50144 | Depths:1 | Noticed Boris
 50166 | D:15     | Killed Boris
 50322 | Depths:1 | Noticed Mara
 50330 | Depths:1 | Noticed DeepDeath's illusion
 50331 | Depths:1 | Killed Mara
 51088 | Depths:1 | Found a gateway to Hell.
 52060 | Orc:2    | Bought 2 scrolls of brand weapon for 520 gold pieces
 52088 | Orc:2    | Bought a potion of flight for 108 gold pieces
 52473 | Vaults:1 | Bought a pair of glowing gloves for 202 gold pieces
 53410 | Depths:2 | Got a clouded sapphire amulet
 53416 | Depths:2 | Identified the amulet "Qerch" {RegenMP rF+ Str-2 Dex+4}
                  | (You found it on level 2 of the Depths)
 53419 | Depths:2 | Identified the +1 scale mail of Moral Flaws {rC+} (You
                  | found it on level 2 of the Depths)
 53464 | Depths:2 | You fall into a shaft and drop 2 floors!
 53559 | Depths:4 | Found a one-way gate leading to the halls of Pandemonium.
 53560 | Depths:4 | Gained mutation: Your spells are a little easier to cast,
                  | but a little less powerful. [a neqoxec]
 53793 | Depths:4 | Reached XP level 23. HP: 148/232 MP: 25/25
 54011 | Depths:4 | Found a one-way gate to the infinite horrors of the Abyss.
 54207 | Depths:4 | Found Ubusukh's Gadget Emporium.
 54626 | Depths:4 | You fall into a shaft and drop 1 floor!
 54626 | Depths:5 | Entered Level 5 of the Depths
 54753 | Depths:4 | Got a jewelled fustibalus
 55005 | Depths:4 | Identified the +8 fustibalus of Ussua {flame, +Blink Dex+7
                  | Stlth-} (You found it on level 4 of the Depths)
 55011 | Depths:4 | Reached XP level 24. HP: 242/242 MP: 25/25
 55191 | Depths:3 | Found a gateway to a ziggurat.
 55569 | Depths:3 | Noticed Boris
 55582 | Depths:3 | Killed Boris
 55802 | Depths:3 | Identified the +6 hand axe of Pyromania {freeze, +Inv MP-9
                  | Str+3 Int+3}
 55875 | Depths:3 | Identified the +11 spear of the Wasteland {speed, rElec
                  | rPois}
 55986 | Depths:3 | Reached XP level 25. HP: 252/253 MP: 25/25
 56040 | Depths:3 | Reached skill level 27 in Fighting
 56162 | Depths:3 | Reached skill level 5 in Evocations
 57812 | Depths:2 | Noticed Aizul
 57857 | Depths:2 | Killed Aizul
 57939 | Depths:2 | Reached XP level 26. HP: 266/266 MP: 22/26
 58205 | Depths:2 | Noticed an ancient lich
 58219 | Depths:2 | Killed an ancient lich
 58998 | Lair:2   | Bought the +1 cloak of Piecw {rN+ rCorr} for 499 gold
                  | pieces
 59009 | Lair:2   | Bought a potion of haste for 330 gold pieces
 59558 | Depths:5 | Noticed a juggernaut
 59585 | Depths:5 | Killed a juggernaut
 59860 | Depths:5 | Found a gate to the Realm of Zot.
 59943 | Depths:5 | Reached skill level 15 in Throwing
 62171 | Crypt:2  | Identified the +10 fustibalus "Hell-Harrower" {speed, rElec
                  | rPois rN+} (You found it on level 2 of the Crypt)
 62181 | Crypt:3  | Entered Level 3 of the Crypt
 62413 | Crypt:3  | Reached XP level 27. HP: 178/273 MP: 26/26
 62609 | Crypt:3  | Found a staircase to the Tomb.
 63623 | Crypt:3  | Got a wavering glass ring
 63839 | Crypt:3  | Noticed an ancient lich
 63861 | Crypt:3  | Killed an ancient lich
 63962 | Crypt:3  | Identified the ring of Gupluoc {+Blink MR+} (You found it
                  | on level 3 of the Crypt)
 63963 | Crypt:3  | Identified the ring "Xiherar" {*Tele rElec} (You found it
                  | on level 3 of the Crypt)
 64864 | Vaults:5 | Entered Level 5 of the Vaults
 65895 | Vaults:5 | Reached skill level 1 in Spellcasting
 66167 | Vaults:5 | Identified Zunlac's Disquisition on Floating Attacks
 66536 | Vaults:5 | Found Egol's Magic Scroll Emporium.
 66541 | Vaults:5 | Bought a scroll of identify for 40 gold pieces
 66541 | Vaults:5 | Bought a scroll of identify for 40 gold pieces
 66541 | Vaults:5 | Bought a scroll of identify for 40 gold pieces
 66570 | Vaults:5 | Found Comn's Food Shoppe.
 66749 | Vaults:5 | Got a silver rune of Zot
 66832 | Vaults:5 | Found Guojol's Food Emporium.
 67310 | Vaults:5 | Bought a scroll of brand weapon for 400 gold pieces
 67310 | Vaults:5 | Bought a scroll of acquirement for 1040 gold pieces
 67311 | Vaults:5 | Acquired the +0 pair of boots "Gaabo" {rN+ rCorr Int+2}
 67528 | Vaults:1 | Bought a potion of heal wounds for 245 gold pieces
 67673 | Vaults:1 | Bought a scroll of enchant weapon for 202 gold pieces
 67874 | Depths:4 | Bought a wand of clouds (5) for 594 gold pieces
 67951 | Zot:1    | Entered Level 1 of the Realm of Zot
 68105 | Zot:1    | You fall into a shaft and drop 1 floor!
 68327 | Zot:2    | Identified the Papyrus of Excruciating Malediction
 68351 | Zot:2    | You fall into a shaft and drop 2 floors!
 68393 | Zot:4    | Identified the ring of the Lobster {rElec rF- rCorr Str+6}
                  | (You found it on level 4 of the Realm of Zot)
 68815 | Zot:1    | Identified the cursed +1 chain mail "Ere Bixa" {rElec rF++
                  | rC+ Dex-4} (You found it on level 1 of the Realm of Zot)
 69420 | Zot:2    | Reached skill level 27 in Armour
 69428 | Zot:2    | Reached skill level 5 in Maces & Flails
 69811 | Zot:2    | Acquired a +5 broad axe of electrocution
 72145 | Zot:4    | Noticed an orb of fire
 72155 | Zot:4    | Killed an orb of fire
 72510 | Zot:5    | Entered Level 5 of the Realm of Zot
 73056 | Zot:5    | Noticed an ancient lich
 73089 | Zot:5    | Killed an ancient lich
 73222 | Zot:5    | Noticed an orb of fire
 73228 | Zot:5    | Noticed an orb of fire
 73230 | Zot:5    | Noticed an orb of fire
 73235 | Zot:5    | Noticed an orb of fire
 73235 | Zot:5    | Gained mutation: Your body sometimes deteriorates upon
                  | taking damage. [an orb of fire]
 73240 | Zot:5    | Killed an orb of fire
 73272 | Zot:5    | Noticed an orb of fire
 73293 | Zot:5    | Noticed an orb of fire
 73297 | Zot:5    | Noticed an orb of fire
 73299 | Zot:5    | Noticed an orb of fire
 73314 | Zot:5    | Noticed an orb of fire
 73317 | Zot:5    | Killed an orb of fire
 73321 | Zot:5    | Killed an orb of fire
 73336 | Zot:5    | Killed an orb of fire
 73373 | Zot:5    | Noticed an orb of fire
 73466 | Zot:5    | Noticed an orb of fire
 73771 | Zot:5    | Identified the +6 scimitar of the Vaults {elec, Fragile
                  | rPois Str+2} (You found it on level 5 of the Realm of Zot)
 73799 | Zot:5    | Got the Orb of Zot
 73891 | Zot:2    | Noticed Omput the pandemonium lord
 73905 | Zot:2    | Killed Omput the pandemonium lord
 74256 | D:10     | Noticed Syqorphoi the pandemonium lord
 74488 | D:$      | Escaped with the Orb!

Illustrated notes

Levels and vault maps discovered:
D:1:      ncdulo_watergridlock, layout_loops_ring, minmay_misc_feat_diagonals,
          minmay_tree_intersection, minmay_fountain_box
D:2:      layout_basic
D:3:      layout_rooms, overflow_temple_1_default, first_ration
D:4:      cheibrodos_thug_alley, layout_gridville
D:5:      layout_cave_pools, eat_drink_and_be_merry_uskayaw,
          minmay_temple_entry_grid, uniq_menkaure, uniq_duvessa
D:6:      layout_loops_ring, basic_altar
D:7:      black_bear_nest_1, layout_basic, nicolae_dithmenos_shadow_blocks,
          okawaru_gym_becter, serial_shops, kennysheep_little_box
D:8:      layout_cave_pods, nicolae_ru_great_annihilating_truth,
          cheibriados_altar_1, david_lair_shrubbed
D:9:      layout_roguey, nicolae_tso_besieged_by_evil,
          nicolae_overflow_hidden_temple, serial_shops, shop
D:10:     layout_rooms
D:11:     layout_gridville, david_orc_3, serial_shops, kennysheep_mini,
          grunt_tengu_nest
D:12:     layout_loops_ring, basic_altar, serial_shops, shop, lemuel_tele_altar
D:13:     layout_cave_pools, david_vaults_5, special_room [special_room_orc],
          serial_shops, shop, uniq_rupert
D:14:     layout_layer_cave, serial_park_square3 [serial_park_minivault_5x5_5],
          drop_trap
D:15:     grunt_enter_depths_snipers, layout_cave_pools, minmay_misc_feat_rows,
          serial_shops, shop, grunt_decor_one_mirror
Temple:   eino_temple_water
Lair:1:   cheibrodos_lair_river_kwai, layout_big_grid, lemuel_old_faithful,
          infiniplex_staircase_pool_2, serial_bayou_shore_a
Lair:2:   layout_gridlike, grunt_megastairs_4, uniq_maggie
Lair:3:   layout_chaotic_city, spider_nest_entry_web_field, grunt_megastairs_3,
          uniq_gastronok
Lair:4:   layout_hall_layers, minmay_swamp_entry_reptiles, uniq_urug,
          uniq_kirke, uniq_sonja
Lair:5:   layout_cave_pods, slime_altar_2, special_room
          [special_room_mythical_zoo]
Lair:6:   grunt_lair_end_beastmaster, layout_misc_corridors,
          gauntlet_entry_generic, disabler_island
Swamp:1:  layout_basic_swamp, nicolae_swamp_very_dense_foliage, swamp_pool5,
          infiniplex_staircase_pool
Swamp:2:  layout_falls_marsh, nicolae_swamp_round_clearing, swamp_pool2,
          nicolae_swamp_godswood, uniq_jorgrun, uniq_louise
Swamp:3:  cheibrodos_swamp_tower_of_moss, layout_basic_swamp,
          evilmike_swamp_ruin_house_4
Swamp:4:  swamp_old_school, layout_basic_swamp, swamp_pool2, uniq_donald
Spider:1: layout_spider_delve
Spider:2: layout_spider_delve
Spider:3: layout_spider_delve, minivault_29, uniq_arachne
Spider:4: johnstein_spider_rune_arachne_lair, drop_trap
Orc:1:    layout_caves, serial_shops, nicolae_shop_behind_doors,
          hangedman_feature_mirror, uniq_erolcha, uniq_harold
Orc:2:    grunt_orc_cross, layout_diamond_mine, serial_shops, shop,
          gammafunk_ghost_wrathful_warriors, basic_altar
Elf:1:    layout_loops_cross, gammafunk_ghost_grave, serial_shops,
          nicolae_shop_competitors_out_of_business, hangedman_elf_represent,
          minivault_19
Elf:2:    layout_loops_cross, uniq_roxanne
Elf:3:    elf_hall_gauntlet_wide, layout_rooms, basic_altar, serial_shops,
          shop_statue
Vaults:1: dpeg_vaults_monster_row, nicolae_vaults_little_ls,
          dpeg_vaults_monster_box, vaults_dpeg_diagonal, v_pattern_3,
          ontoclasm_vaults_eye, vaults_mumra_hex, nicolae_vaults_rhombus_7,
          nicolae_vaults_angled_halls, layout_vaults_omnigrid, serial_shops,
          nicolae_shop_crystal
Vaults:2: ontoclasm_vaults_decontamination, v_misc_19,
          minmay_crypt_entry_simple_walls, hangedman_vaults_stagger, v_misc_30,
          nicolae_vaults_rhombus_5, grunt_vaults_hallway_long,
          nicolae_vaults_network_s, nicolae_vaults_network_square,
          vaults_room_door_ring, v_rooms_4, nicolae_vaults_big_angled_halls,
          v_misc_12, layout_vaults_omnibox, serial_shops,
          nicolae_shop_waterfront, shop_statue, shop, nicolae_shop_stone,
          uniq_saint_roka, uniq_boris
Vaults:3: nicolae_vaults_mini_display_case, v_rooms_4, vaults_dpeg_hooks,
          hangedman_vaults_nodes, nicolae_vaults_specimen_jars,
          vaults_room_fours, v_alt_pattern_3, vaults_room_fancy_cross,
          vaults_room_hallway, vaults_mumra_lcd, nicolae_vaults_asterisk,
          v_misc_10, hangedman_vaults_river_flow, nicolae_vaults_holding_cells,
          ontoclasm_vaults_gateway, layout_vaults_ring, mu_enter_wizlab_6,
          enter_trove_3
Vaults:4: nicolae_vaults_three_branches, v_misc_27, v_misc_1, v_misc_22,
          vaults_room_door_hall, nicolae_vaults_angled_halls,
          hangedman_vaults_trim, nicolae_vaults_branching_niches,
          vaults_room_hallway, v_alt_pattern_4, v_rooms_2,
          nicolae_vaults_angled_halls, layout_vaults_maze_snakey
Vaults:5: serial_shops
Crypt:1:  layout_regular_city, uniq_mennas
Crypt:2:  layout_chaotic_city, serial_glass, glass_columns_c, glass_columns_b,
          glass_columns_c, glass_columns_c, glass_columns_a, glass_columns_b,
          glass_columns_b, glass_columns_b, due_unseen_surprise,
          grunt_megastairs_1
Crypt:3:  due_elkab, layout_chaotic_city, tomb_entry_shell_bobbens
Depths:1: hangedman_cross_stitches, layout_cave_pools, grunt_metal_band,
          minmay_misc_feat_iff, minmay_variable_closet, minislime_mu, uniq_mara
Depths:2: lemuel_river_lethe, hell_entry, abyss_entry, uniq_aizul
Depths:3: grunt_twisty_corner, layout_small_grid, enter_ziggurat_e, hell_entry,
          minmay_misc_feat_plants, pan_entry, special_room
          [special_room_mythical_zoo], minmay_misc_feat_nine_boxes,
          infiniplex_staircase_diamond
Depths:4: minmay_the_grid_four_pointed_star_mashed
          [minmay_the_grid_triangle_9x9_odd_lines,
          minmay_the_grid_triangle_9x9_corruption,
          minmay_the_grid_triangle_9x9_alien,
          minmay_the_grid_triangle_9x9_skeleton,
          minmay_the_grid_prize_big_room], layout_basic, abyss_entry,
          grunt_decor_fettered, serial_shops, nicolae_shop_behind_doors,
          rand_demon_pan_entry_8, pf_hell_entry_tar_river,
          minmay_gold_behind_fungi, lightli_corner_chamber
Depths:5: grunt_zot_entry_bicorn, layout_cave_pools,
          pf_vacation_house_of_asmodeus, minmay_misc_feat_cross
Zot:1:    layout_misc_corridors, st_stairs_4, hangedman_zot_decor_unnerving_road
Zot:2:    layout_gridlike, st_large_dragon_hoard_4
Zot:3:    kennysheep_six_static_rooms, layout_cellular_growth,
          hangedman_swamp_dais
Zot:4:    layout_concentric_octagons
Zot:5:    layout_gridlike, st_stairs_8

Skill      XL: |  1  2  3  4  5  6  7  8  9 10 11 12 13 14 15 16 17 18 19 20 21 22 23 24 25 26 27 |
---------------+----------------------------------------------------------------------------------+-----
Armour         | 4 5 6 7 8 10 11 12 13 14 15 17 19 20 21 22 23 27 | 27.0
Fighting       | 4 5 6 7 8 9 10 11 13 15 16 19 20 22 23 25 26 27 | 27.0
Shields        | 4 5 6 7 8 9 10 11 13 14 15 16 18 20 21 25 | 25.0
Axes           | 3 4 5 7 9 11 12 13 15 16 17 18 19 | 19.3
Dodging        | 1 2 4 5 6 7 8 9 10 14 16 23 | 23.0
Stealth        | 1 2 3 |  3.0
Throwing       | 1 2 3 5 6 10 11 12 13 14 15 16 | 16.0
Polearms       | 4 8 9 |  9.2
Evocations     | 2 3 4 5 6 8 |  8.0
Long Blades    | 6 7 |  7.1
Maces & Flails | 3 5 |  5.3
Spellcasting   | 3 |  3.2

Action                   |  1- 3 |  4- 6 |  7- 9 | 10-12 | 13-15 | 16-18 | 19-21 | 22-24 | 25-27 || total
-------------------------+-------+-------+-------+-------+-------+-------+-------+-------+-------++-------
Melee: War axe           |    96 |    71 |   337 |    57 |   913 |  1264 |  1209 |   987 |  2654 ||  7588
       Headbutt          |    10 |    16 |    73 |   129 |   252 |   378 |   452 |   427 |   940 ||  2677
       Spear             |       |       |       |   621 |   230 |    72 |       |    64 |       ||   987
       Broad axe         |       |       |       |   110 |    46 |       |       |       |    67 ||   223
       Long sword        |       |       |       |       |       |       |    64 |       |       ||    64
       Sacred scourge    |       |       |       |       |       |       |       |    10 |    31 ||    41
Throw: Boomerang         |       |     4 |     2 |    29 |   116 |   148 |    59 |    80 |    46 ||   484
       Dart              |       |     2 |       |     4 |     1 |     2 |     4 |       |     3 ||    16
       Throwing net      |       |       |       |     1 |     1 |     1 |       |       |       ||     3
       Javelin           |       |       |       |       |       |       |     3 |       |    35 ||    38
Invok: Call Merchant     |       |       |       |     1 |       |     3 |       |     1 |     1 ||     6
       Potion Petition   |       |       |       |       |       |     1 |     1 |       |       ||     2
       Bribe Branch      |       |       |       |       |       |       |       |       |     4 ||     4
 Abil: Evoke Flight      |       |       |       |       |       |       |     1 |     1 |     1 ||     3
       Evoke Invisibilit |       |       |       |       |       |       |       |     1 |       ||     1
Evoke: Wand              |       |       |     2 |    18 |     9 |       |     5 |     8 |    11 ||    53
       Phial of floods   |       |       |       |       |     1 |       |       |       |       ||     1
       Lightning rod     |       |       |       |       |       |     6 |     4 |       |       ||    10
       Box of beasts     |       |       |       |       |       |     1 |       |       |       ||     1
       Phantom mirror    |       |       |       |       |       |     1 |       |       |       ||     1
  Use: Scroll            |     2 |     4 |    12 |    18 |    18 |     6 |    23 |    11 |    27 ||   121
       Potion            |       |     1 |     1 |     5 |     5 |     5 |    11 |     1 |     9 ||    38
 Stab: Paralysed         |       |       |     4 |     2 |       |       |       |       |       ||     6
       Sleeping          |       |       |       |     4 |    13 |     3 |     1 |       |    10 ||    31
       Distracted        |       |       |       |     4 |     7 |    14 |    15 |    28 |    42 ||   110
       Held in net/web   |       |       |       |     3 |     2 |     2 |       |       |       ||     7
       Petrifying        |       |       |       |       |     2 |       |       |       |       ||     2
       Petrified         |       |       |       |       |     2 |       |       |       |       ||     2
       Invisible         |       |       |       |       |     3 |       |     3 |    12 |     4 ||    22
       Confused          |       |       |       |       |     1 |       |       |       |       ||     1
  Eat: Chunk             |     2 |     3 |     4 |       |       |       |       |       |       ||     9
       Ration            |       |       |     3 |     9 |    10 |    10 |    11 |     7 |    19 ||    69
Armor: Scale mail        |    43 |    23 |    82 |   134 |    32 |       |       |       |       ||   314
       Chain mail        |       |       |       |       |   154 |   119 |     1 |       |       ||   274
       Plate armour      |       |       |       |       |       |   267 |   201 |       |       ||   468
       Gold dragon scale |       |       |       |       |       |       |    39 |   300 |   806 ||  1145
Dodge: Dodged            |    32 |    32 |   152 |   179 |   218 |   465 |   328 |   332 |   788 ||  2526
Block: Kite shield       |    47 |    55 |   188 |   330 |   728 |  1056 |   111 |       |   733 ||  3248
       Reflection        |       |       |       |    15 |    62 |    32 |    94 |    46 |    60 ||   309
       Tower shield      |       |       |       |       |       |       |   260 |       |       ||   260
       Buckler           |       |       |       |       |       |       |   403 |   587 |  1013 ||  2003
       Rpst.: Long sword |       |       |       |       |       |       |     5 |       |       ||     5
